 Dungeon Crawl Stone Soup version 0.31.0-11-ge490571c62 (webtiles) character file.

Game seed: 13496436967277099704

701 Gadfly the Insei (level 7, -7/52 HPs)
             Began as a Demonspawn Monk on Feb 5, 2024.
             Was an Initiate of Ru.
             Mangled by Biggs's ghost (15 damage)
             ... on level 5 of the Dungeon.
             The game lasted 00:05:44 (3878 turns).

Gadfly the Insei (Demonspawn Monk)                  Turns: 3878, Time: 00:05:45

Health: -7/52      AC:  7    Str: 13    XL:     7   Next: 38%
Magic:  7/7        EV: 13    Int: 10    God:    Ru [......]
Gold:   218        SH:  0    Dex: 16    Spells: 6/6 levels left

rFire   . . .        r - +0 falchion (elec)
rCold   . . .        c - orb {light}
rNeg    . . .        a - +0 robe
rPois   .            g - +1 hat
rElec   .            h - +0 cloak
rCorr   .            (no gloves)
SInv    .            i - +2 pair of boots
Will    .....        (no amulet)
Stlth   +            (no ring)
HPRegen 0.28/turn    (no ring)
MPRegen 0.10/turn

%: no passive effects
@: glowing
A: antennae 1, powered by death 2, spiny 1
a: Renounce Religion


You were on level 5 of the Dungeon.
You worshipped Ru.
Ru was noncommittal.
You visited 2 branches of the dungeon, and saw 6 of its levels.

You collected 218 gold pieces.

Inventory:

Hand Weapons
 b - a +1 short sword of venom
 r - a +0 falchion of electrocution (weapon)
Armour
 a - a +0 robe (worn)
 c - an orb of light (worn)
 g - a +1 hat (worn)
 h - a +0 cloak (worn)
 i - a +2 pair of boots (worn)
Jewellery
 j - an amulet of regeneration
 n - an amulet of reflection
 p - an amulet of faith
Wands
 l - a wand of quicksilver (7) (quivered)
Scrolls
 o - 2 scrolls of identify
 q - a scroll of enchant weapon {unknown}
Potions
 d - a potion of lignification
 e - a potion of might
 f - a potion of heal wounds
 k - 3 potions of curing
 m - 2 potions of enlightenment


   Skills:
 - Level 3.0 Fighting
 + Level 3.9 Dodging
 * Level 4.8 Unarmed Combat
 * Level 4.1 Evocations
 * Level 3.3 Shapeshifting


You had 6 spell levels left.
You didn't know any spells.
Your spell library contained the following spells:

 Spells                   Type           Power      Damage    Failure   Level
 Lesser Beckoning         Tloc           0%         N/A       50%         2
 Gell's Gravitas          Tloc           0%         N/A       75%         3
 Teleport Other           Tloc           0%         N/A       75%         3
 Summon Forest            Summ/Tloc      0%         N/A       100%        5
 Eringya's Noxious Bog    Alch           0%         4d6       100%        6
 Summon Hydra             Summ           0%         N/A       100%        7


Dungeon Overview and Level Annotations

Branches:
Dungeon (5/15)             Temple (1/1) D:5

Altars:
Ashenzari
Cheibriados
Gozag
Hepliaklqana
Kikubaaqudgha
Makhleb
Okawaru
Ru
Sif Muna
Trog
Uskayaw
Vehumet
Wu Jian
Yredelemnul

Annotations:
D:5 Biggs's ghost, amateur TrBe


Innate Abilities, Weirdness & Mutations

You have a pair of small antennae on your head.
You regenerate health from kills.
You are partially covered in sharp spines.


Message History

There is an open door here.
Biggs's ghost turns its malevolent gaze towards you.
Your +1 short sword of venom stops dripping with poison.
You hear the crackle of electricity.
r - a +0 falchion of electrocution (weapon)
You open the door.
Biggs's ghost attacks as it pursues you!
Biggs's ghost hits you.
You hit Biggs's ghost.
Biggs's ghost is lightly damaged.
Biggs's ghost hits you but does no damage.
You barely miss Biggs's ghost.
Biggs's ghost is lightly damaged.
Biggs's ghost is struck by your spines. Biggs's ghost hits you.
Biggs's ghost stares at you. Biggs's ghost misses you.
You barely miss Biggs's ghost.
Biggs's ghost is lightly damaged.
Biggs's ghost hits you.
You hit Biggs's ghost.
Lightning courses through Biggs's ghost!
Biggs's ghost is moderately damaged.
Biggs's ghost is struck by your spines. Biggs's ghost hits you.
You hit Biggs's ghost.
Biggs's ghost is moderately damaged.
Biggs's ghost hits you but does no damage.
Biggs's ghost hits you.
You hit Biggs's ghost.
Biggs's ghost is moderately damaged.
Biggs's ghost hits you!
You hit Biggs's ghost but do no damage.
Biggs's ghost is moderately damaged.
Biggs's ghost hits you but does no damage.
You hit Biggs's ghost.
Lightning courses through Biggs's ghost!
Biggs's ghost is severely damaged.
Biggs's ghost is struck by your spines. Biggs's ghost hits you!!
* * * LOW HITPOINT WARNING * * *
Biggs's ghost hits you!
You die...

##############...
#.......##
###.......'.
#.........##
######.#########
#......# #.######
##.# #@.#
#W#########
#...#.....#
#...'~~~~$#
##[.#.....#
##########


You could see Biggs's ghost.

Vanquished Creatures
  Prince Ribbit (D:5)
  Sigmund (D:5)
  A bombardier beetle (D:5)
  An orc priest (D:5)
  A sleepcap (D:5)
  An iguana (D:3)
  2 orc wizards (D:5)
  6 gnolls
  4 adders
  2 ribbon worms (D:2)
  3 dart slugs
  8 orcs
  9 bats
  8 endoplasms
  4 giant cockroaches
  4 goblins
  4 hobgoblins
  5 jackals
  2 kobolds
  4 quokkas
  4 ball pythons
  2 frilled lizards (D:1)
  4 rats
81 creatures vanquished.

Notes
Turn   | Place    | Note
-------+----------+-------------------------------------------
     0 | D:1      | Gadfly the Demonspawn Monk began the quest for the Orb.
     0 | D:1      | Reached XP level 1. HP: 18/18 MP: 1/1
   187 | D:1      | Gained mutation: You have a pair of small antennae on your
                  | head. [demonic ancestry]
   187 | D:1      | Reached XP level 2. HP: 3/24 MP: 2/2
   271 | D:1      | Reached skill level 1 in Evocations
   621 | D:1      | Reached skill level 1 in Shapeshifting
   621 | D:1      | Gained mutation: You regenerate a little health from kills.
                  | [demonic ancestry]
   621 | D:1      | Reached XP level 3. HP: 25/29 MP: 3/3
   702 | D:2      | Gained mutation: You regenerate health from kills. [demonic
                  | ancestry]
   702 | D:2      | Reached XP level 4. HP: 35/35 MP: 4/4
  1562 | D:3      | Reached XP level 5. HP: 31/41 MP: 5/5
  1651 | D:3      | Found a faded altar of an unknown god.
  1881 | D:3      | Found a bloodstained altar of Trog.
  1931 | D:3      | Found an ancient bone altar of Kikubaaqudgha.
  2496 | D:4      | Found an iron altar of Okawaru.
  2853 | D:5      | Entered Level 5 of the Dungeon
  3010 | D:5      | Reached XP level 6. HP: 31/47 MP: 6/6
  3031 | D:5      | Found a staircase to the Ecumenical Temple.
  3101 | Temple   | Entered the Ecumenical Temple
  3108 | Temple   | Became a worshipper of Ru the Awakened
  3374 | D:5      | Found a runed translucent door.
  3375 | D:5      | Noticed Biggs's ghost (amateur TrBe)
  3449 | D:5      | Noticed Sigmund
  3462 | D:5      | Killed Sigmund
  3525 | D:5      | Noticed Prince Ribbit
  3538 | D:5      | Killed Prince Ribbit
  3539 | D:5      | Gained mutation: You are partially covered in sharp spines.
                  | [demonic ancestry]
  3539 | D:5      | Reached XP level 7. HP: 16/52 MP: 7/7
  3682 | D:5      | Found an ornate altar of the Wu Jian Council.
  3878 | D:5      | Mangled by Biggs's ghost

Illustrated notes

Levels and vault maps discovered:
D:1:      psy_arrival_radial02, layout_rooms, minmay_tetromino_s4
D:2:      layout_loops_ring
D:3:      layout_loops_ring, nicolae_overflow_squiral,
          shapermc_ecumenical_altar_mp_vishouse
D:4:      layout_loops_cross, okawaru_gym_becter
D:5:      layout_basic, nicolae_wu_jian_glorious_leap,
          minmay_temple_entry_butterflies, ebering_ghost_reflecting_pool,
          uniq_prince_ribbit1, uniq_sigmund
Temple:   nicolae_temple_x_marks_the_god

Skill      XL: |  1  2  3  4  5  6 |
---------------+-------------------+-----
Evocations     | 1 2 3 4 |  4.1
Unarmed Combat | 3 4 |  4.8
Shapeshifting  | 1 2 3 |  3.3
Dodging        | 3 |  3.9
Fighting       | |  3.0

Action                     |  1- 3 |  4- 6 |  7- 9 || total
---------------------------+-------+-------+-------++-------
  Melee: Unarmed           |    46 |       |       ||    46
         Short sword       |    33 |   189 |       ||   222
         Falchion          |       |       |     8 ||     8
 Invoke: Reject Sacrifices |       |     1 |       ||     1
    Use: Potion            |     1 |       |     1 ||     2
         Scroll            |       |    10 |       ||    10
 Armour: Robe              |    50 |    81 |    11 ||   142
  Dodge: Dodged            |    62 |   105 |     1 ||   168
